 Dungeon Crawl Stone Soup version 0.29.1-4-g47bece8355 (webtiles) character file.

Game seed: 11931742430913231916

844 mester the Conjurer (level 7, -2/52 HPs)
             Began as a Grey Draconian Conjurer on Dec 2, 2022.
             Killed by divine providence
             ... invoked by an orc priest
              (14 damage)
             ... on level 5 of the Dungeon.
             The game lasted 00:29:38 (6209 turns).

mester the Conjurer (Grey Draconian Conjurer)       Turns: 6209, Time: 00:29:38

Health: -2/52      AC: 11    Str: 15    XL:     7   Next: 68%
Magic:  3/14       EV: 12    Int: 24    God:
Gold:   118        SH:  0    Dex: 13    Spells: 7/15 levels left

rFire   x . .      SeeInvis .   l - +9 mace "Covigoro" {speed, rF- Int+4 Dex+3}
rCold   . . .      Faith    .   (no shield)
rNeg    . . .      Spirit   .   (body armour unavailable)
rPois   .          Reflect  .   (helmet restricted)
rElec   .          Harm     .   x - scarf {repulsion}
rCorr   .          Rampage  .   (no gloves)
Will    .....                   (no boots)
Stlth   ++........              (no amulet)
HPRegen 0.17/turn               b - +6 ring of strength
MPRegen 0.14/turn               (no ring)

@: repel missiles
A: AC +11, amphibious, unfitting armour, cold-blooded
a: no special abilities


You were on level 5 of the Dungeon.
You visited 1 branch of the dungeon, and saw 5 of its levels.

You collected 250 gold pieces.
You spent 132 gold pieces at shops.

Inventory:

Hand Weapons
 l - the +9 mace "Covigoro" (weapon) {speed, rF- Int+4 Dex+3}
   (You found it on level 2 of the Dungeon)

   Attacks with this weapon are significantly faster.
   Int:       It affects your intelligence (+4).
   Dex:       It affects your dexterity (+3).
   rF:        It makes you vulnerable to fire.
 q - a +0 trident
 A - a +0 trident
Missiles
 e - 12 boomerangs
Armour
 r - a +0 chain mail
 x - a scarf of repulsion (worn)
Magical Staves
 s - a staff of poison
 z - a staff of cold
Jewellery
 b - a +6 ring of strength (left hand)
 d - a ring of flight
 w - a ring of poison resistance
Scrolls
 f - a scroll of torment {unknown}
 g - 3 scrolls of noise {unknown}
 k - 2 scrolls of identify {unknown}
 o - a scroll of amnesia {unknown}
 t - a scroll of enchant armour {unknown}
 y - 2 scrolls of poison {unknown}
 B - a scroll of fog {unknown}
 C - 2 scrolls of teleportation {unknown}
Potions
 a - 3 potions of magic
 c - 2 potions of attraction {unknown}
 h - 3 potions of mutation {unknown}
 i - 3 potions of haste {unknown}
 j - a potion of brilliance {unknown}
 m - 4 potions of degeneration {unknown}
 n - 2 potions of berserk rage {unknown}
 p - 2 potions of curing {unknown}
 u - a potion of lignification {unknown}
 v - a potion of heal wounds {unknown}


   Skills:
 + Level 1.3 Fighting
 + Level 3.0 Maces & Flails
 + Level 3.0 Dodging
 + Level 2.9 Stealth
 + Level 4.7 Spellcasting
 + Level 6.3 Conjurations
 + Level 0.2 Earth Magic


You had 7 spell levels left.
You knew the following spells:

 Your Spells              Type           Power      Damage    Failure   Level
a - Magic Dart            Conj           100%       1d8       1%          1
b - Stone Arrow           Conj/Erth      42%        3d9       7%          3
c - Fulminant Prism       Conj/Hex       10%        3d9       24%         4

Your spell library contained the following spells:

 Spells                   Type           Power      Damage    Failure   Level
 Searing Ray              Conj           72%        2d7       1%          2
 Dazzling Flash           Conj/Hex       42%        N/A       8%          3
 Necrotise                Necr           20%        1d5       9%          1
 Sandblast                Erth           12%        2d6       9%          1
 Passwall                 Tmut/Erth      5%         N/A       13%         2
 Blink                    Tloc           10%        N/A       14%         2
 Iskenderun's Mystic Bla  Conj/Tloc      21%        2d6       24%         4
 Lesser Beckoning         Tloc           5%         N/A       26%         3
 Vampiric Draining        Necr           5%         2d6       26%         3
 Agony                    Necr           5%         N/A       94%         5
 Manifold Assault         Tloc           5%         N/A       94%         5


Dungeon Overview and Level Annotations

Branches:
Dungeon (5/15)
 Temple: D:4-7

Altars:
Kikubaaqudgha

Shops:
D:3 [


Innate Abilities, Weirdness & Mutations

Your dull iron-grey scales are very hard. (AC +11)
You are amphibious.
You cannot fit into any form of body armour.
You are cold-blooded and may be slowed by cold attacks.


Message History

Confirm with . or Enter, or press ? or * to list all spells.
Aiming: Magic Dart (safe; 1% risk of failure)
Press: ? - help, Shift-Dir - straight line, f - orc priest
Aim: an orc priest, wielding a +0 hand axe and wearing a +0 leather armour (100% to hit)
The magic dart hits the orc priest.
The orc priest is moderately wounded.
Casting: Magic Dart (safe; 1% risk of failure)
Confirm with . or Enter, or press ? or * to list all spells.
Aiming: Magic Dart (safe; 1% risk of failure)
Press: ? - help, Shift-Dir - straight line, f/p - orc priest
Aim: an orc priest, wielding a +0 hand axe and wearing a +0 leather armour (moderately wounded, 100% to hit)
The magic dart hits the orc priest.
The orc priest is heavily wounded.
Casting: Magic Dart (safe; 1% risk of failure)
Confirm with . or Enter, or press ? or * to list all spells.
Aiming: Magic Dart (safe; 1% risk of failure)
Press: ? - help, Shift-Dir - straight line, f/p - orc priest
Aim: an orc priest, wielding a +0 hand axe and wearing a +0 leather armour (heavily wounded, 100% to hit)
The magic dart hits the orc priest but does no damage.
The orc priest is heavily wounded.
The orc priest hits you but does no damage.
You hit the orc priest.
The orc priest is almost dead.
The orc priest closely misses you.
You barely miss the orc priest.
The orc priest is almost dead.
The orc priest looks satisfied for a moment.
You closely miss the orc priest.
The orc priest is almost dead.
The orc priest closely misses you.
You barely miss the orc priest.
The orc priest is almost dead.
The orc priest closely misses you.
You hit the orc priest but do no damage.
The orc priest is almost dead.
You closely miss the orc priest.
The orc priest is almost dead.
The orc priest invokes the aid of Beogh against you.
Beogh smites you!
You die...

...#####..###.#.)>รท..#######
.### ##..##..#.##.## .#
##.###...##..### .# .#
###.....o.# .# ..
#.##....##### # .# #.#
#.#####.....#.... .# .. #.#
#........... .# #o#
#.....)...... .#
#@###....)....... .#
#..##............ .#
#....##............ .#
#######............ ##
##........... # ##.....#....


You could see an orc priest.

Vanquished Creatures
  A sky beast (D:5)
  A bullfrog (D:5)
  A scorpion (D:5)
  A hound (D:4)
  3 orc priests
  Natasha (thrice) (D:2)
  2 iguanas (D:3)
  8 orc wizards
  7 adders
  4 gnolls (D:5)
  A white imp (D:5)
  A worm (D:2)
  14 orcs
  6 ball pythons
  7 endoplasms
  6 giant cockroaches
  3 goblins
  5 hobgoblins
  7 jackals (D:3)
  3 quokkas
  4 bats
  13 frilled lizards
  3 kobolds
  7 rats
111 creatures vanquished.

Vanquished Creatures (others)
  7 plants (D:3)
7 creatures vanquished.

Grand Total: 118 creatures vanquished

Notes
Turn   | Place    | Note
-------+----------+-------------------------------------------
     0 | D:1      | mester the Draconian Conjurer began the quest for the Orb.
     0 | D:1      | Reached XP level 1. HP: 14/14 MP: 3/3
   328 | D:1      | Reached XP level 2. HP: 20/20 MP: 1/5
   496 | D:1      | Found a faded altar of an unknown god.
   784 | D:2      | Identified the +9 mace "Covigoro" {speed, rF- Int+4 Dex+3}
   933 | D:2      | Noticed Natasha
   947 | D:2      | Killed Natasha
   948 | D:2      | Reached XP level 3. HP: 9/26 MP: 2/6
  1042 | D:2      | Noticed Natasha
  1047 | D:2      | Killed Natasha
  1048 | D:2      | Reached skill level 5 in Conjurations
  1346 | D:2      | Noticed Natasha
  1354 | D:2      | Killed Natasha
  1355 | D:2      | Reached XP level 4. HP: 25/33 MP: 1/8
  1413 | D:2      | Reached XP level 5. HP: 2/38 MP: 6/9
  2693 | D:2      | Learned a level 3 spell: Stone Arrow
  2698 | D:2      | Learned a level 4 spell: Fulminant Prism
  2933 | D:3      | Found Wuats's Armour Emporium.
  2942 | D:3      | Bought a scarf of repulsion for 132 gold pieces
  3948 | D:3      | Reached XP level 6. HP: 46/46 MP: 5/11
  4195 | D:4      | Found an ancient bone altar of Kikubaaqudgha.
  4372 | D:4      | Reached skill level 1 in Maces & Flails
  4808 | D:4      | Reached skill level 6 in Conjurations
  5428 | D:5      | Entered Level 5 of the Dungeon
  5501 | D:5      | Reached skill level 1 in Fighting
  5517 | D:5      | Noticed a sky beast
  5529 | D:5      | Killed a sky beast
  5530 | D:5      | Your scales start taking on a dull iron-grey colour.
  5530 | D:5      | Reached XP level 7. HP: 33/52 MP: 10/13
  6209 | D:5      | Killed from afar by an orc priest

Illustrated notes

Levels and vault maps discovered:
D:1:      heliophobic_arrival_battle_scene, layout_loops_ring,
          hellmonk_ecumenical_altar_leap_of_faith
D:2:      cheibrodos_pilgrimage, layout_basic, item_on_display_a, uniq_natasha
D:3:      layout_basic, serial_shops, shop, kennysheep_flooded_box,
          minmay_lizard_king
D:4:      minmay_clustersquares, layout_basic, mainiacjoe_overflow_brackets,
          amcnicky_mini_rare_corridor_liquid,
          nicolae_concentric_dashed_squares_mild,
          minmay_a_box_with_orc_wizards_in_it
D:5:      layout_rooms

Skill      XL: |  1  2  3  4  5  6  7 |
---------------+----------------------+-----
Dodging        | 2 3 |  3.0
Stealth        | 2 |  2.9
Conjurations   | 5 6 |  6.3
Spellcasting   | 3 4 |  4.7
Maces & Flails | 2 3 |  3.0
Fighting       | 1 |  1.3
Earth Magic    | |  0.2

Action                   |  1- 3 |  4- 6 |  7- 9 || total
-------------------------+-------+-------+-------++-------
Melee: Mace              |     6 |    73 |    13 ||    92
       Tailslap          |       |     5 |       ||     5
       Punch             |       |     1 |       ||     1
 Cast: Magic Dart        |    32 |   151 |    19 ||   202
       Stone Arrow       |       |       |     8 ||     8
 Stab: Sleeping          |       |     1 |       ||     1
Armor: Skin              |     3 |    25 |     4 ||    32
Dodge: Dodged            |     4 |    32 |    10 ||    46
       Repelled          |       |     3 |       ||     3
